 Dungeon Crawl Stone Soup version 0.28-a0-655-g4eb62b627b (webtiles) character file.

Game seed: 8039279848547366692

341 ytrimaz the Covert (level 6, -5/41 HPs)
             Began as an Octopode Brigand on Oct 12, 2021.
             Killed from afar by a steam dragon (14 damage)
             ... with a ball of steam
             ... on level 4 of the Dungeon.
             The game lasted 00:06:52 (4966 turns).

ytrimaz the Covert (Octopode Brigand)               Turns: 4966, Time: 00:06:52

Health: -5/41      AC:  8    Str: 11    XL:     6   Next: 56%
Magic:  6/6        EV: 13    Int: 13    God:
Gold:   189        SH:  0    Dex: 15    Spells: 5/5 levels left

rFire   . . .      SeeInvis .   l - +1 dagger (protect)
rCold   . . .      Faith    .   (no shield)
rNeg    . . .      Spirit   .   (helmet restricted)
rPois   .          Reflect  .   (no amulet)
rElec   .          Harm     .   (no ring)
rCorr   .          Rampage  .   (no ring)
Will    .....                   (no ring)
Stlth   +++++.....              (no ring)
HPRegen 0.13/turn               (no ring)
MPRegen 0.10/turn               (no ring)
                                (no ring)
                                (no ring)

@: about to teleport, under a protective aura
A: almost no armour, amphibious, 8 rings, camouflage 1, gelatinous body 1,
(nimble swimmer 1), tentacles
a: no special abilities


You were on level 4 of the Dungeon.
You visited 2 branches of the dungeon, and saw 5 of its levels.

You collected 208 gold pieces.
You spent 19 gold pieces at shops.

Inventory:

Hand Weapons
 l - a +1 dagger of protection (weapon)
 n - a +3 dagger
Missiles
 b - 14 poisoned darts (quivered)
 c - a curare-tipped dart
Wands
 m - a wand of digging (3)
Scrolls
 d - 2 scrolls of magic mapping
 o - a scroll of identify {unknown}
 p - a scroll of fear {unknown}
 q - a scroll of fog {unknown}
Potions
 e - 2 potions of heal wounds {unknown}
 f - a potion of haste {unknown}
 g - a potion of brilliance {unknown}
 h - a potion of berserk rage {unknown}
 i - 2 potions of curing {unknown}
 j - a potion of lignification {unknown}
 k - a potion of mutation {unknown}


   Skills:
 + Level 2.8 Fighting
 + Level 2.9 Short Blades
 + Level 2.8 Throwing
 + Level 2.4 Dodging
 + Level 8.7 Stealth


You had 5 spell levels left.
You didn't know any spells.
Your spell library contained the following spells:

 Spells                   Type           Power      Damage    Failure   Level
 Foxfire                  Conj/Fire      0%         2x1d4     30%         1
 Blink                    Tloc           N/A        N/A       43%         2
 Static Discharge         Conj/Air       0%         N/A       43%         2
 Conjure Flame            Conj/Fire      0%         6-21      67%         3
 Ignite Poison            Fire/Tmut/Pois 0%         N/A       67%         3
 Inner Flame              Hex/Fire       0%         N/A       67%         3
 Lesser Beckoning         Tloc           0%         N/A       67%         3
 Flame Wave               Conj/Fire      0%         3d3       97%         4
 Sticky Flame             Conj/Fire      0%         2d3       97%         4
 Lightning Bolt           Conj/Air       0%         1d11      100%        5
 Manifold Assault         Tloc           0%         N/A       100%        5
 Maxwell's Capacitive Co  Air            0%         ∞         100%        8


Dungeon Overview and Level Annotations

Branches:
Dungeon (4/15)             Temple (1/1) D:4

Altars:
Ashenzari
Cheibriados
Elyvilon
Fedhas
Gozag
Hepliaklqana
Kikubaaqudgha
Makhleb
Nemelex Xobeh
Okawaru
Qazlal
Ru
Sif Muna
Trog
Vehumet
Wu Jian
Yredelemnul
Zin
The Shining One

Shops:
D:1 *   D:4 =


Innate Abilities, Weirdness & Mutations

You cannot wear most types of armour.
You are amphibious.
You can wear up to eight rings at the same time.
Your skin changes colour to match your surroundings (Stealth+).
Your rubbery body absorbs attacks. (AC +1, EV +1)
((You are camouflaged near water. (Stealth+)))
You have tentacles for arms and can constrict up to eight enemies at once.


Message History

The orc wizard flickers and vanishes!
Deactivating autopickup; reactivate with Ctrl-A.
The steam dragon hisses angrily.
You hit the steam dragon but do no damage.
Your weapon exudes an aura of protection.
You squeeze the steam dragon, but do no damage.
The steam dragon breathes steam at you. The ball of steam hits you!!
Unknown command.
Unknown command.
You throw a poisoned dart.
The poisoned dart hits the steam dragon.
You are engulfed in a cloud of scalding steam.
Unknown command.
You are too injured to fight recklessly!
Unknown command.
Unknown command.
You hit the steam dragon but do no damage.
You are engulfed in a cloud of scalding steam.
The steam dragon barely misses you. The steam dragon closely misses you.
You hit the steam dragon but do no damage.
You are engulfed in a cloud of scalding steam.
The steam dragon bites you.
* * * LOW HITPOINT WARNING * * *
The steam dragon claws you but does no damage.
Unknown command.
Okay, then.
As you read the scroll of teleportation, it crumbles to dust.
You feel strangely unstable.
You are engulfed in a cloud of scalding steam.
* * * LOW HITPOINT WARNING * * *
The steam dragon bites you but does no damage.
The steam dragon claws you but does no damage.
Unknown command.
Something hits you but does no damage. The steam dragon breathes steam at you.
The ball of steam hits something!
Reactivating autopickup.
The ball of steam hits you!
You die...

........###..#..#......# #.####.#
#...##.....÷...........# #.# #.#
#..#.....^.....#.....#####.####.#
#..#..............#........<..†.#
...###..........##..............#
....##..........................#
.8.[.#...........##..............
⌠..#.............###.............
.8.###..####...#@# #.............
⌠..# ##........#§# #.............
.8..# ####.#...#§###.....(.......
..(.# ##...#.#..D.(..............
..#.###..##....#...##..........#.
.##.....###........##.#######..##
.............###.#.......###..###
.....#..#>.#.# #.##..........####
........#.##.###.###.....#####...


There were no monsters in sight!

Vanquished Creatures
  A water moccasin skeleton (D:4)
  2 hounds
  A gnoll shaman (D:4)
  A bullfrog skeleton (D:4)
  An iguana (D:4)
  Robin (D:3)
  3 adders
  4 gnolls (D:2)
  A howler monkey skeleton (D:4)
  A worm (D:3)
  2 dart slugs
  3 orcs
  An endoplasm (D:1)
  A giant cockroach (D:2)
  12 goblins
  7 hobgoblins
  6 kobolds
  3 quokkas
  4 ball pythons
  3 bats
  A frilled lizard (D:3)
  4 rats
63 creatures vanquished.

Vanquished Creatures (others)
  An orc wizard (D:4)
1 creature vanquished.

Grand Total: 64 creatures vanquished

Notes
Turn   | Place    | Note
-------+----------+-------------------------------------------
     0 | D:1      | ytrimaz the Octopode Brigand began the quest for the Orb.
     0 | D:1      | Reached XP level 1. HP: 14/14 MP: 1/1
   411 | D:1      | Found a faded altar of an unknown god.
   417 | D:1      | Reached XP level 2. HP: 19/19 MP: 2/2
   491 | D:1      | Reached skill level 6 in Stealth
   649 | D:1      | Found Ommorem's Assorted Antiques.
   656 | D:1      | Bought a scroll labelled WUIHAWOEKOI for 19 gold pieces
  1622 | D:2      | Found a sacrificial altar of Ru.
  1773 | D:2      | Reached XP level 3. HP: 24/24 MP: 3/3
  2244 | D:2      | Reached skill level 7 in Stealth
  2248 | D:2      | Reached XP level 4. HP: 10/29 MP: 4/4
  2908 | D:3      | Found a bloodstained altar of Trog.
  3221 | D:3      | Found a glowing silver altar of Zin.
  3714 | D:3      | Reached XP level 5. HP: 34/34 MP: 5/5
  3799 | D:3      | Noticed Robin
  3819 | D:3      | Killed Robin
  3820 | D:3      | Reached skill level 8 in Stealth
  4001 | D:3      | Found a basalt altar of Yredelemnul.
  4067 | D:4      | Found Pacw's Jewellery Emporium.
  4308 | D:4      | Reached XP level 6. HP: 24/40 MP: 6/6
  4555 | D:4      | Noticed a steam dragon
  4701 | D:4      | Found a staircase to the Ecumenical Temple.
  4713 | Temple   | Entered the Ecumenical Temple
  4966 | D:4      | Killed from afar by a steam dragon

Illustrated notes

Levels and vault maps discovered:
D:1:      scummos_arrival_star, layout_basic,
          hellmonk_ecumenical_altar_crossroads, serial_shops, shop
D:2:      layout_basic, basic_altar
D:3:      layout_basic, lemuel_tele_altar, trog_antimagical,
          nicolae_overflow_hidden_temple, wander_ebering_terrifying_dragon_lair,
          uniq_robin
D:4:      layout_rooms, minmay_temple_entry_statues_fountains, serial_shops,
          nicolae_shop_statue_plus, minmay_circle_x
Temple:   eino_temple_rhombus

Skill      XL: |  1  2  3  4  5 |
---------------+----------------+-----
Stealth        | 6 7 8 |  8.7
Dodging        | 2 |  2.4
Fighting       | |  2.8
Short Blades   | |  2.9
Throwing       | |  2.8

Action                   |  1- 3 |  4- 6 || total
-------------------------+-------+-------++-------
Melee: Dagger            |    45 |   105 ||   150
       Constrict         |     8 |    25 ||    33
       Tentacles         |     4 |    17 ||    21
Throw: Dart              |     6 |    13 ||    19
Evoke: Wand              |       |     1 ||     1
  Use: Scroll            |     2 |     3 ||     5
 Stab: Sleeping          |    14 |    10 ||    24
Armor: Skin              |     4 |    26 ||    30
Dodge: Dodged            |    25 |    52 ||    77

Table legend: (Time is in decaauts)
 A = Elapsed time spent in this place.
 B = Non-inter-level travel time spent in this place.
 C = Inter-level travel time spent in this place.
 D = Time resting spent in this place.
 E = Time spent auto-exploring this place.
 F = Levels seen in this place.
 G = Mean time per level.
                   A        B        C        D        E       F      G
               +--------+--------+--------+--------+--------+-----+--------+
         Total |   4946 |   4774 |    172 |    735 |   3232 |   5 |  989.2 |
       Dungeon |   4722 |   4552 |    170 |    735 |   3078 |   4 | 1180.5 |
        Temple |    223 |    221 |      2 |      0 |    154 |   1 |  223.0 |
               +--------+--------+--------+--------+--------+-----+--------+

Top non-repeatable levels by time:
     D:1: 1827 daAuts
     D:3: 1389 daAuts
     D:2: 839 daAuts
     D:4: 665 daAuts
  Temple: 223 daAuts
